 Dungeon Crawl Stone Soup version 0.31.0-11-ge490571c62 (webtiles) character file.

Game seed: 16727792259128788339

128 qw the Shooter (level 4, -8/23 HPs)
             Began as a Spriggan Hunter on Feb 3, 2024.
             Killed by divine providence
             ... invoked by an orc priest
              (11 damage)
             ... on level 3 of the Dungeon.
             The game lasted 00:00:06 (2066 turns).

qw the Shooter (Spriggan Hunter)                    Turns: 2066, Time: 00:00:07

Health: -8/23      AC:  5    Str:  6 (7)  XL:     4   Next: 87%
Magic:  5/5        EV: 19    Int: 13 (15) God:
Gold:   223        SH:  0    Dex: 19 (20) Spells: 3/3 levels left

rFire   . . .        a - +1 shortbow
rCold   . . .        (shield currently unavailable)
rNeg    . . .        k - +1 robe of Xom's Pride {Int+3}
rPois   .            (helmet restricted)
rElec   .            n - +1 cloak of Indomitability {Rampage Int+2}
rCorr   .            (gloves unavailable)
SInv    +            (boots unavailable)
Will    .....        g - amulet of regeneration
Stlth   ++           (no ring)
HPRegen 1.03/turn    (no ring)
MPRegen 0.09/turn

%: rampage
@: lethally poisoned (-8 -> -10), about to teleport, very quick
A: very small, no large weapons, unfitting armour, see invisible, speed 3
a: no special abilities


You were on level 3 of the Dungeon.
You visited 1 branch of the dungeon, and saw 3 of its levels.

You collected 223 gold pieces.


Innate Abilities, Weirdness & Mutations

You are very small and have problems with some larger weapons.
You are too small for most types of armour.
You have supernaturally acute eyesight. (SInv)
You cover ground extremely quickly. (Speed+++)


   Skills:
 - Level 2.3 Fighting
 - Level 5.0 Ranged Weapons
 + Level 4.6 Dodging
 - Level 1.5 Stealth


You had 3 spell levels left.
You didn't know any spells.
Your spell library was empty.

Inventory:

Hand Weapons
 a - a +1 shortbow (weapon)
Armour
 k - the +1 robe of Xom's Pride (worn) {Int+3}
   (You found it on level 2 of the Dungeon)

   Int+3:     It affects your intelligence (+3).
 n - the +1 cloak of Indomitability (worn) {Rampage Int+2}
   (You found it on level 2 of the Dungeon)

   Int+2:     It affects your intelligence (+2).
   Rampage:   It bestows one free step when moving towards enemies.
Jewellery
 f - a ring of fire
 g - an amulet of regeneration (around neck)
Scrolls
 e - a scroll of teleportation
Potions
 b - 2 potions of resistance {unknown}
 h - a potion of enlightenment {unknown}

Dungeon Overview and Level Annotations

Branches:
Dungeon (3/15)

Altars:
Ru


Message History

You shoot an arrow. The arrow completely misses the orc.
The orc closely misses you.
You shoot an arrow. The arrow hits the orc.
You kill the orc!
The orc misses you.
You shoot an arrow. The arrow closely misses the orc.
The orc hits you with a +0 falchion.
You shoot an arrow. The arrow closely misses the orc.
The orc completely misses you. The orc hits you with a +0 falchion.
You shoot an arrow. The arrow hits the orc!
You kill the orc!
The orc closely misses you.
You feel your dexterity returning.
You shoot an arrow. The arrow barely misses the orc priest.
The orc misses you.
The orc priest looks satisfied for a moment.
The orc barely misses you.
The orc priest hits you with a +0 hand axe.
You shoot an arrow. The arrow barely misses the orc priest.
The orc hits you but does no damage.
You are poisoned.
The orc priest closely misses you.
You shoot an arrow.
The arrow closely misses the orc priest.
You feel very sick.
The orc hits you with a +1 dagger of venom.
You are more poisoned.
The orc priest barely misses you.
You shoot an arrow. The arrow hits the orc priest.
The orc priest is lightly wounded.
You feel very sick. The orc completely misses you.
The orc priest hits you with a +0 hand axe!
2066 ||| READING 2 scrolls of teleportation.
As you read the scroll of teleportation, it crumbles to dust.
You feel strangely unstable.
You feel very sick.
The orc priest invokes the aid of Beogh against you.
Beogh smites you!
You die...

##.# #.# #.# #.#
##### ###
#.###...## ....
#........# 8)8.8
#...#...)#......
#...##.o)'......
........@o#......
###...####.#
8.8.8 #...# #.#
.... #...# #.#
### #...# #.# #.#
#.# .#


You could see an orc priest and an orc.

Vanquished Creatures
  A bombardier beetle (D:3)
  4 gnolls (D:2)
  3 ribbon worms
  3 orcs (D:3)
  3 bats
  An endoplasm (D:1)
  4 giant cockroaches
  10 goblins
  4 hobgoblins
  A quokka (D:1)
  2 ball pythons
  3 frilled lizards (D:1)
  4 kobolds
  A rat (D:2)
44 creatures vanquished.

Notes
Turn   | Place    | Note
-------+----------+-------------------------------------------
     0 | D:1      | qw the Spriggan Hunter began the quest for the Orb.
     0 | D:1      | Reached XP level 1. HP: 10/10 MP: 2/2
     0 | D:1      | 0 ||| qw: Version: 0.3-a-157-g843a77d
     0 | D:1      | 0 ||| qw: Game counter: 3600
     0 | D:1      | 0 ||| qw: Melee chars always use a shield: true
     0 | D:1      | 0 ||| qw: God list: Okawaru
     0 | D:1      | 0 ||| qw: Allow faded altars: false
     0 | D:1      | 0 ||| qw: Do Orc after clearing Dungeon:15 true
     0 | D:1      | 0 ||| qw: Do second Lair branch before Depths: true
     0 | D:1      | 0 ||| qw: Lair rune preference: random
     0 | D:1      | 0 ||| qw: Goals: Normal
     0 | D:1      | 0 ||| PLANNING D:1-11
    64 | D:1      | Reached skill level 3 in Dodging
    86 | D:1      | Found a faded altar of an unknown god.
   129 | D:1      | Reached XP level 2. HP: 14/14 MP: 3/3
   774 | D:1      | 774 ||| UPGRADING to amulet of the acrobat.
   779 | D:1      | 779 ||| DROPPING amulet of magic regeneration.
   780 | D:1      | 780 ||| READING 3 scrolls labelled KIGERO BUEDI.
   780 | D:1      | 780 ||| IDENTIFYING scroll labelled LELENON EGIOD
   781 | D:1      | 781 ||| READING scroll of enchant weapon.
   781 | D:1      | 781 ||| ENCHANTING +0 shortbow.
   782 | D:1      | 782 ||| READING 2 scrolls of identify.
   782 | D:1      | 782 ||| IDENTIFYING scroll labelled VOAQURCH WATEZIAR
   783 | D:1      | 783 ||| READING scroll of identify.
   783 | D:1      | 783 ||| IDENTIFYING scroll labelled JEEMNA TAMEANIPNA
   784 | D:1      | 784 ||| DROPPING scroll of butterflies.
   785 | D:1      | 785 ||| DROPPING scroll of blinking.
   786 | D:1      | 786 ||| DROPPING scroll of poison.
   980 | D:2      | Reached XP level 3. HP: 18/18 MP: 4/4
  1244 | D:2      | Reached skill level 5 in Ranged Weapons
  1296 | D:2      | Identified the +1 robe of Xom's Pride {Int+3}
  1307 | D:2      | Reached XP level 4. HP: 22/22 MP: 5/5
  1473 | D:2      | Identified the +1 cloak of Indomitability {Rampage Int+2}
  1752 | D:2      | 1752 ||| UPGRADING to +0 cloak.
  1757 | D:2      | 1757 ||| UPGRADING to +1 robe of Xom's Pride {Int+3}.
  1767 | D:2      | 1767 ||| DROPPING +0 robe.
  1768 | D:2      | 1768 ||| UPGRADING to +1 cloak of Indomitability {Rampage
                  | Int+2}.
  1778 | D:2      | 1778 ||| DROPPING +0 cloak.
  1779 | D:2      | 1779 ||| UPGRADING to amulet of regeneration.
  1789 | D:2      | 1789 ||| DROPPING amulet of the acrobat.
  1790 | D:2      | 1790 ||| READING 3 scrolls labelled RIOPNO EPLUKKOZA.
  1795 | D:2      | 1795 ||| READING scroll labelled PIN TAYCEREW.
  1796 | D:2      | 1796 ||| READING scroll labelled OROGGA BAQIUST.
  1797 | D:2      | 1797 ||| DRINKING 2 viscous green potions.
  1798 | D:2      | 1798 ||| DROPPING potion of degeneration.
  1945 | D:3      | Found a sacrificial altar of Ru.
  2052 | D:3      | 2052 ||| RETREEEEATING.
  2065 | D:3      | HP: 4/23 [orc priest/+0 hand axe (7)]
  2066 | D:3      | 2066 ||| READING 2 scrolls of teleportation.
  2066 | D:3      | Killed from afar by an orc priest

Levels and vault maps discovered:
D:1:      spicycebolla_arrival_xxxplode, layout_basic,
          hellmonk_ecumenical_altar_run_dry
D:2:      layout_loops_corners
D:3:      layout_loops_ring, nicolae_ru_sacrificial_ziggurat, st_stairs_9,
          grunt_ministairs_3

Skill      XL: |  1  2  3  4 |
---------------+-------------+-----
Dodging        | 3 4 |  4.6
Ranged Weapons | 5 |  5.0
Fighting       | 2 |  2.3
Stealth        | |  1.5

Action                     |  1- 3 |  4- 6 || total
---------------------------+-------+-------++-------
   Fire: Shortbow          |    95 |    51 ||   146
    Use: Scroll            |     4 |     4 ||     8
         Potion            |       |     1 ||     1
 Armour: Robe              |     8 |     9 ||    17
  Dodge: Dodged            |    21 |    19 ||    40

Table legend:
 A = Non-vault XP
 B = Vault XP
 C = Vault XP percentage of total XP
 D = Non-vault monster count
 E = Vault monster count
 F = Vault count percentage of total count
                 A         B        C        D         E       F
            +---------+---------+-------+---------+---------+-------
      Total |     174 |      10 |   5.4 |      40 |       4 |   9.1
            +---------+---------+-------+---------+---------+-------
        D:1 |      29 |       0 |   0.0 |      17 |       0 |   0.0
        D:2 |      88 |       0 |   0.0 |      19 |       0 |   0.0
        D:3 |      57 |      10 |  14.9 |       4 |       4 |  50.0
            +---------+---------+-------+---------+---------+-------
